 Dungeon Crawl Stone Soup version 0.18.1-48-g4cf74bf (webtiles) character file.

333 striepan the Chopper (level 6, -2/52 HPs)
             Began as a Minotaur Gladiator on Sept 1, 2016.
             Slain by a black bear (4 damage)
             ... on level 7 of the Dungeon.
             The game lasted 00:16:31 (2974 turns).

striepan the Chopper (Minotaur Gladiator)           Turns: 2974, Time: 00:16:32

Health: -2/52      AC:  9    Str: 22    XL:     6   Next: 27%
Magic:  5/5        EV:  9    Int:  5    God:
Gold:   122        SH:  0    Dex: 10    Spells: 0 memorised, 5 levels left

rFire  . . .     SeeInvis .     a - +0 war axe
rCold  . . .     Gourm    .     m - +0 chain mail
rNeg   . . .     Faith    .     (no shield)
rPois  .         Spirit   .     c - +0 hat
rElec  .         Dismiss  .     (no cloak)
rCorr  +         Reflect  .     (no gloves)
SustAt +         Harm     .     (no boots)
MR     .....                    (no amulet)
Stlth  ..........               o - ring of resist corrosion
                                e - ring of sustain attributes

@: slowed, very slow, not resistant to hostile enchantments, extremely
unstealthy
A: retaliatory headbutt, horns 2
a: no special abilities


You were on level 7 of the Dungeon.
You were very hungry.

You visited 1 branch of the dungeon, and saw 5 of its levels.

You collected 122 gold pieces.

Inventory:

Hand Weapons
 a - a +0 war axe (weapon)
Missiles
 d - 3 throwing nets (quivered)
Armour
 b - a +0 leather armour
 c - a +0 hat (worn)
 m - a +0 chain mail (worn)
Jewellery
 e - a ring of sustain attributes (left hand)
 o - a ring of resist corrosion (right hand)
Wands
 r - a wand of disintegration (12/24)
 u - a wand of flame (29/48)
Scrolls
 g - a scroll of fog {unknown}
 h - 8 scrolls of identify {unknown}
 i - a scroll of remove curse {unknown}
 j - a scroll of enchant weapon {unknown}
 k - a scroll of blinking {unknown}
 l - 2 scrolls of amnesia {unknown}
Potions
 n - 2 potions of resistance
 q - a potion of agility {unknown}
 t - a potion of cure mutation {unknown}
 v - a potion of brilliance {unknown}
Comestibles
 f - 3 bread rations
 s - a meat ration


   Skills:
 - Level 4.0 Fighting
 + Level 7.1 Axes
 - Level 2.0 Throwing
 - Level 3.0 Armour
 - Level 3.2 Dodging


You had 5 spell levels left.
You didn't know any spells.

Dungeon Overview and Level Annotations

Branches:
Dungeon (4/15)
 Temple: D:4-7

Altars:
Elyvilon
Kikubaaqudgha

Annotations:
D:2 Sigmund
D:3 HEYYEYAAE's ghost, amateur DrIE
D:4 Pikel


Innate Abilities, Weirdness & Mutations

You reflexively headbutt those who attack you in melee.
You have a pair of horns on your head.


Message History

The black bear claws you.
* * * LOW HITPOINT WARNING * * *
The orc hits you.
* * * LOW HITPOINT WARNING * * *
The orc hits you but does no damage. The black bear barely misses you.
You furiously retaliate!
You headbutt the black bear, but do no damage.
The black bear barely misses you.
The black bear claws you but does no damage.
The sky beast flickers out of sight!
Deactivating autopickup; reactivate with Ctrl-A.
The orc throws a tomahawk.
The tomahawk hits you but does no damage.
You see here a tomahawk.
The orc closely misses you. The black bear bites you.
* * * LOW HITPOINT WARNING * * *
The black bear claws you.
* * * LOW HITPOINT WARNING * * *
The black bear claws you.
You die...

#5.## #O##.# #O## #Y...# #.#
#..#.# #.# ###....# #.#
#...##5## # ##O###.####..#.#
#..............##
#...S.o...........#
###########....h@%....#....##
#.........#...†.......####..#
#...⌠....≈............# #.#
#.#....≈≈≈≈...........# ..
..##..≈≈≈≈.....######.#
.5##...≈≈≈.....# .#
..#..≈≈≈≈≈.....# .#
..#.≈..≈≈......#
..#._.....⌠..###


You could see a black bear, an ogre, an adder and an orc.

Vanquished Creatures
  A slave (D:3)
  A giant frog (D:7)
  2 howler monkeys
  A hound skeleton (D:4)
  3 gnolls (D:3)
  3 adders
  3 river rats (D:3)
  An ooze (D:3)
  4 worms
  4 dart slugs
  An orc (D:3)
  2 ball pythons (D:3)
  3 giant cockroaches
  10 goblins
  7 hobgoblins
  7 jackals
  2 quokkas
  6 bats (D:1)
  A giant gecko skeleton (D:4)
  3 giant newts
  7 kobolds
  7 rats
79 creatures vanquished.

Vanquished Creatures (others)
  3 plants (D:4)
3 creatures vanquished.

Grand Total: 82 creatures vanquished

Notes
Turn   | Place    | Note
--------------------------------------------------------------
     0 | D:1      | striepan the Minotaur Gladiator began the quest for the Orb.
     0 | D:1      | Reached XP level 1. HP: 18/18 MP: 0/0
    24 | D:1      | Reached skill level 4 in Axes
    52 | D:1      | Reached XP level 2. HP: 25/25 MP: 1/1
   455 | D:1      | Reached skill level 5 in Axes
   481 | D:2      | Reached XP level 3. HP: 30/30 MP: 2/2
   852 | D:2      | Reached XP level 4. HP: 37/37 MP: 3/3
   883 | D:2      | Reached skill level 6 in Axes
   909 | D:2      | Found a white marble altar of Elyvilon.
   913 | D:2      | Noticed Sigmund
  1003 | D:3      | Reached skill level 1 in Armour
  1364 | D:3      | Found a faded altar to an unknown god.
  1458 | D:3      | Reached XP level 5. HP: 38/42 MP: 4/4
  2247 | D:3      | Noticed HEYYEYAAE's ghost (amateur DrIE)
  2433 | D:4      | Noticed a slave
  2434 | D:4      | Noticed a slave
  2436 | D:4      | Noticed Pikel
  2437 | D:4      | Noticed a slave
  2438 | D:4      | Noticed a slave
  2442 | D:4      | Noticed an ogre
  2502 | D:3      | Killed a slave
  2885 | D:4      | You fall through a shaft for 3 floors!
  2896 | D:7      | Noticed a sky beast
  2909 | D:7      | Noticed a black bear
  2911 | D:7      | Found an ancient bone altar of Kikubaaqudgha.
  2935 | D:7      | Reached skill level 7 in Axes
  2935 | D:7      | Reached XP level 6. HP: 12/52 MP: 5/5
  2974 | D:7      | HP: 2/52 [black bear (2)]
  2974 | D:7      | Slain by a black bear

Skill      XL: |  1  2  3  4  5 |
---------------+----------------+-----
Axes           | 4 5 6 7 |  7.1
Armour         | 3 |  3.0
Fighting       | 4 |  4.0
Throwing       | |  2.0
Dodging        | |  3.2

Action                   |  1- 3 |  4- 6 || total
-------------------------+-------+-------++-------
Melee: War axe           |    82 |   103 ||   185
       Headbutt          |    10 |    15 ||    25
  Use: Potion            |       |     2 ||     2
  Eat: Chunk             |       |     1 ||     1
       Bread ration      |       |     1 ||     1
Armor: Leather armour    |    21 |       ||    21
       Chain mail        |     2 |    93 ||    95
Dodge: Dodged            |    62 |    75 ||   137
